 Dungeon Sprint DCSS version 0.29.1-2-gbd0b4ee654 (webtiles) character file.

Game seed: 17187333518628502101

9366 Groucho the Unseen (level 11, -2/60 HPs)
             Began as a Spriggan Enchanter on Nov 20, 2022.
             Was an Elder of Dithmenos.
             Slain by a manticore (9 damage)
             ... in the Dungeon (Sprint II: "The Violet Keep of Menkaure").
             The game lasted 00:10:30 (2221 turns).

Groucho the Unseen (Spriggan Enchanter)             Turns: 2221, Time: 00:10:31

Health: -2/60      AC:  4    Str:  8    XL:     11   Next: 22%
Magic:  14/30      EV: 25    Int: 18    God:    Dithmenos [****..]
Gold:   595        SH:  0    Dex: 15    Spells: 26/39 levels left

rFire   . . .      SeeInvis +   a - +1 dagger
rCold   . . .      Faith    .   (no shield)
rNeg    . . .      Spirit   .   j - +2 robe {Will+}
rPois   .          Reflect  .   (helmet restricted)
rElec   .          Harm     .   f - scarf {+Inv}
rCorr   .          Rampage  .   (gloves unavailable)
Will    ++...      NoTele   +   (boots unavailable)
Stlth   +++++++++.              (no amulet)
HPRegen 0.20/turn               (no ring)
MPRegen 0.22/turn               (no ring)

@: wreathed by umbra, invisible, very quick
A: very small, no large weapons, unfitting armour, see invisible, speed 3,
devolution 1
a: Renounce Religion, Evoke Invisibility, Shadow Step


You were in the Dungeon.
You worshipped Dithmenos.
Dithmenos was greatly pleased with you.
You visited 1 branch You collected 1306 gold pieces.
You spent 711 gold pieces at shops.

Inventory:

Hand Weapons
 a - a +1 dagger (weapon)
Armour
 f - a scarf of invisibility (worn)
 j - a +2 robe of willpower (worn)
Scrolls
 i - a scroll of blinking
 l - a scroll of poison {unknown}
 m - a scroll of identify {unknown}
Potions
 b - 2 potions of flight
 d - a potion of curing
 g - 2 potions of magic
 h - a potion of berserk rage
 k - a potion of might {unknown}


   Skills:
 + Level 8.4 Fighting
 - Level 10.7 Short Blades
 + Level 13.3 Dodging
 - Level 16.0 Stealth
 + Level 14.6 Spellcasting
 + Level 14.8 Hexes
 * Level 13.2 Evocations


You had 26 spell levels left.
You knew the following spells:

 Your Spells              Type           Power      Damage    Failure   Level
a - Ensorcelled Hibernat  Hex/Ice        78%        N/A       1%          2
b - Confusing Touch       Hex            61%        N/A       1%          3
c - Dazzling Flash        Conj/Hex       78%        N/A       1%          3
d - Tukima's Dance        Hex            61%        N/A       1%          3
e - Passwall              Tmut/Erth      10%        N/A       8%          2

Your spell library contained the following spells:

 Spells                   Type           Power      Damage    Failure   Level
 Foxfire                  Conj/Fire      52%        2x1d6     4%          1
 Borgnjor's Vile Clutch   Necr/Erth      6%         N/A       80%         5
 Statue Form              Tmut/Erth      8%         N/A       100%        6


Dungeon Overview and Level Annotations

Branches:
Dungeon (1/1)

Altars:
Cheibriados
Dithmenos
Elyvilon
Fedhas
Gozag
Hepliaklqana
Kikubaaqudgha
Makhleb
Nemelex Xobeh
Okawaru
Qazlal
Ru
Sif Muna
Trog
Uskayaw
Vehumet
Wu Jian
Xom
Yredelemnul
Zin
The Shining One
Jiyva
Lugonu

Shops:
D [::*(=?[([!!=[?

Annotations:
D exclusion: oklob plant


Innate Abilities, Weirdness & Mutations

You are very small and have problems with some larger weapons.
You are too small for most types of armour.
You have supernaturally acute eyesight. (SInv)
You cover ground extremely quickly. (Speed+++)
You have hidden genetic defects.


Message History

Aiming: Ensorcelled Hibernation (safe; 1% risk of failure)
Press: ? - help, Shift-Dir - straight line, f - manticore
Aim: a manticore (umbra, chance to affect: 49%)
The manticore resists with some effort.
The yak gores you. The manticore bites you!
The manticore completely misses you. The manticore closely misses you.
Casting: Ensorcelled Hibernation (safe; 1% risk of failure)
Confirm with . or Enter, or press ? or * to list all spells.
Aiming: Ensorcelled Hibernation (safe; 1% risk of failure)
Press: ? - help, Shift-Dir - straight line, f/p - manticore
Aim: a manticore (umbra, chance to affect: 49%)
The manticore resists with some effort.
The manticore misses you.
The manticore completely misses you. x2; The yak completely misses you.
The manticore closely misses you. The manticore claws you!
The manticore closely misses you.
Unknown command.
Unknown command.
Casting: Ensorcelled Hibernation (safe; 1% risk of failure)
Confirm with . or Enter, or press ? or * to list all spells.
Aiming: Ensorcelled Hibernation (safe; 1% risk of failure)
Press: ? - help, Shift-Dir - straight line, f/p - manticore
Aim: a manticore (umbra, chance to affect: 49%)
The manticore resists with some effort.
The manticore bites you!!
* * * LOW HITPOINT WARNING * * *
The manticore misses you. x2; The manticore completely misses you.
The manticore barely misses you. The manticore claws you.
* * * LOW HITPOINT WARNING * * *
Unknown command.
You feel much better. The manticore bites you!
* * * LOW HITPOINT WARNING * * *
The manticore completely misses you. The manticore misses you.
The yak misses you. The manticore closely misses you.
The manticore completely misses you. The manticore closely misses you.
You fade into invisibility!
The manticore misses you. The manticore completely misses you.
The manticore barely misses you. The yak completely misses you.
The yak gores you.
* * * LOW HITPOINT WARNING * * *
The manticore completely misses you. The manticore claws you!
You die...

###### #![||# ###!:")##▓
#.$.?(.$.▓ #..$.!$.H▓
#⌠.$".# #.HYH# 9▓ ##Y@##
9E ## ##≈...###E ~##
#)≈.....#.# #~~#+++#
####..^.#.## ~~~.... ..
#..'..^.#..#
~~~~.##+##..#..####.#..#
~~~~##.#.##.####.)'.##.#
~~~~#.###.# ...#..#...####
~~####.#.####..#####..##)#


[$(![ You could see 2 manticores and 2 yaks.

Vanquished Creatures
  A deep elf master archer (D)
  A crystal guardian (D)
  A fire dragon (D)
  A great orb of eyes (D)
  2 boulder beetles (D)
  A death yak (D)
  2 death drakes (D)
  2 shining eyes (D)
  A cane toad (D)
  A yaktaur (D)
  A hornet (D)
  3 polar bears (D)
  A yak (D)
  2 wyverns (D)
  A redback (D)
  Menkaure (D)
  A water moccasin (D)
  2 swamp drakes (D)
  4 necrophages (D)
  4 scorpions (D)
  A spectral bat (D)
  A spectral ball python (D)
35 creatures vanquished.

Vanquished Creatures (others)
  A water moccasin (D)
1 creature vanquished.

Grand Total: 36 creatures vanquished

Notes
Turn   | Place    | Note
-------+----------+-------------------------------------------
     0 | D        | Groucho the Spriggan Enchanter began the quest for the Orb.
     0 | D        | Reached XP level 1. HP: 9/9 MP: 5/5
     3 | D        | Noticed a scorpion
     3 | D        | Noticed a scorpion
     3 | D        | Noticed a scorpion
     3 | D        | Noticed a scorpion
    13 | D        | Killed a scorpion
    14 | D        | Reached skill level 9 in Stealth
    14 | D        | Reached skill level 5 in Spellcasting
    14 | D        | Reached skill level 5 in Hexes
    14 | D        | Reached XP level 2. HP: 13/13 MP: 6/9
    14 | D        | Reached XP level 3. HP: 16/16 MP: 6/10
    15 | D        | Killed a scorpion
    16 | D        | Reached skill level 11 in Stealth
    16 | D        | Reached XP level 4. HP: 21/21 MP: 7/13
    20 | D        | Killed a scorpion
    21 | D        | Reached skill level 12 in Stealth
    21 | D        | Reached XP level 5. HP: 24/24 MP: 7/15
    23 | D        | Reached skill level 13 in Stealth
    27 | D        | Noticed a wyvern
    27 | D        | Noticed a wyvern
    30 | D        | Killed a wyvern
    31 | D        | Reached skill level 15 in Stealth
    31 | D        | Reached XP level 6. HP: 28/28 MP: 8/18
    41 | D        | Reached skill level 1 in Fighting
    45 | D        | Reached XP level 7. HP: 34/34 MP: 9/20
    46 | D        | Reached skill level 16 in Stealth
    57 | D        | Killed a wyvern
    58 | D        | Reached skill level 5 in Dodging
    58 | D        | Reached skill level 10 in Hexes
    65 | D        | Noticed a boulder beetle
    65 | D        | Noticed a boulder beetle
    68 | D        | Killed a boulder beetle
    69 | D        | Reached skill level 10 in Spellcasting
    69 | D        | Reached XP level 8. HP: 42/42 MP: 11/23
    71 | D        | Killed a boulder beetle
    72 | D        | Reached skill level 5 in Fighting
    72 | D        | Reached XP level 9. HP: 47/47 MP: 11/25
    83 | D        | Learned a level 2 spell: Ensorcelled Hibernation
    87 | D        | Learned a level 3 spell: Confusing Touch
    87 | D        | Noticed Menkaure
    97 | D        | Killed Menkaure
   103 | D        | Learned a level 3 spell: Dazzling Flash
   107 | D        | Learned a level 3 spell: Tukima's Dance
   116 | D        | Found a glowing golden altar of the Shining One.
   116 | D        | Found an ornate altar of the Wu Jian Council.
   117 | D        | Found a shimmering altar of Xom.
   117 | D        | Found a sacrificial altar of Ru.
   118 | D        | Found a basalt altar of Yredelemnul.
   118 | D        | Found a shimmering blue altar of Sif Muna.
   118 | D        | Found a stormy altar of Qazlal.
   118 | D        | Found a viscous altar of Jiyva.
   119 | D        | Found a glowing silver altar of Zin.
   119 | D        | Found a bloodstained altar of Trog.
   119 | D        | Found an ancient bone altar of Kikubaaqudgha.
   131 | D        | Found a hazy altar of Hepliaklqana.
   131 | D        | Found a snail-covered altar of Cheibriados.
   628 | D        | Found Ivenutt's Magic Scroll Shop.
   628 | D        | Found Kyrylaoq's Antique Armour Boutique.
   628 | D        | Found Kiettoma's Distillery.
   628 | D        | Found Ylud's Distillery.
   628 | D        | Found Alovae's Antique Weapon Boutique.
   628 | D        | Found Qamaqeo's Antique Armour Boutique.
   628 | D        | Found Cenifal's Antique Armour Shop.
   629 | D        | Found Joiczino's Magic Scroll Shop.
   630 | D        | Found Raosala's Jewellery Boutique.
   630 | D        | Found Harhex's Jewellery Boutique.
   630 | D        | Noticed a polar bear
   633 | D        | Noticed a hell hog
   651 | D        | Found Oceyxyiti's Weapon Shop.
   651 | D        | Found Qyfov's Assorted Antiques.
   651 | D        | Noticed an oklob plant
   651 | D        | Noticed a hell hog
   652 | D        | Found Semm's Book Shop.
   652 | D        | Found Wolapoix's Antique Armour Boutique.
   652 | D        | Found Hoxt's Book Shoppe.
   652 | D        | Noticed a polar bear
   680 | D        | Bought the Papyrus of the Geologist and Flames for 396 gold
                  | pieces
   683 | D        | Learned a level 2 spell: Passwall
   721 | D        | Bought a runed scarf for 216 gold pieces
   721 | D        | Bought an embroidered robe for 99 gold pieces
   806 | D        | Found a hide-covered altar of Uskayaw.
   806 | D        | Found a corrupted altar of Lugonu.
   806 | D        | Found a shadowy altar of Dithmenos.
   812 | D        | Found a radiant altar of Vehumet.
   812 | D        | Found a burning altar of Makhleb.
   812 | D        | Found a white marble altar of Elyvilon.
   813 | D        | Found a sparkling altar of Nemelex Xobeh.
   813 | D        | Found a blossoming altar of Fedhas.
   814 | D        | Found an iron altar of Okawaru.
   814 | D        | Found an opulent altar of Gozag.
   815 | D        | Noticed a yaktaur
   815 | D        | Noticed a polar bear
   816 | D        | Noticed a polar bear
   816 | D        | Noticed a polar bear
   817 | D        | Killed a polar bear
   818 | D        | Killed a polar bear
   820 | D        | Killed a polar bear
   821 | D        | Reached skill level 10 in Dodging
   822 | D        | Reached skill level 5 in Evocations
   826 | D        | Killed a yaktaur
   846 | D        | Became a worshipper of Dithmenos the Shadowed
  1346 | D        | Noticed a death drake
  1349 | D        | Noticed a fire dragon
  1350 | D        | Killed a fire dragon
  1354 | D        | Noticed a death yak
  1356 | D        | Killed a death yak
  1357 | D        | Reached XP level 10. HP: 37/53 MP: 26/28
  1361 | D        | Noticed a death drake
  1361 | D        | Noticed a crystal guardian
  1362 | D        | Reached * piety under Dithmenos
  1364 | D        | Killed a crystal guardian
  1366 | D        | Killed a death drake
  1366 | D        | Reached ** piety under Dithmenos
  1367 | D        | Reached skill level 10 in Evocations
  1368 | D        | Killed a death drake
  1369 | D        | Reached skill level 10 in Short Blades
  1415 | D        | Noticed a deep elf master archer
  1422 | D        | Killed a deep elf master archer
  1434 | D        | Reached *** piety under Dithmenos
  1691 | D        | Noticed a cane toad
  1691 | D        | Noticed a cane toad
  1691 | D        | Noticed a shining eye
  1691 | D        | Noticed a shining eye
  1691 | D        | Noticed a shining eye
  1692 | D        | Noticed a great orb of eyes
  1692 | D        | Noticed a manticore
  1692 | D        | Noticed a manticore
  1693 | D        | Killed a shining eye
  1694 | D        | Reached XP level 11. HP: 47/60 MP: 27/30
  1696 | D        | Killed a shining eye
  1696 | D        | Gained mutation: You have hidden genetic defects. [a
                  | shining eye]
  2194 | D        | Reached **** piety under Dithmenos
  2199 | D        | Noticed an electric golem
  2212 | D        | Killed a great orb of eyes
  2219 | D        | HP: 2/60 [manticore (6)]
  2221 | D        | Slain by a manticore

Illustrated notes

Levels and vault maps discovered:
D:        the_violet_keep_of_menkaure [sprint2_stairs_cluster_1,
          sprint2_shoproom, sprint2_temple, sprint2_basic_supplies,
          sprint2_obstacle_1, sprint2_obstacle_2, sprint2_obstacle_4,
          sprint2_obstacle_6, sprint2_obstacle_3, sprint2_timed_cluster_1,
          sprint2_smallroom_cluster_1, sprint2_smallroom_final_cluster_1,
          sprint2_transparent_cluster_1, sprint2_second_timed_cluster_1,
          sprint2_sniper_area_1, sprint2_heavy_combat_area_1,
          sprint2_mutation_trap_area_1, sprint2_forest_area_1,
          sprint2_light_combat_area_1, sprint2_behind_water_1,
          sprint2_near_end_vault_1]

Skill      XL: |  1  2  3  4  5  6  7  8  9 10 11 |
---------------+----------------------------------+-----
Stealth        | 9 11 12 15 16 | 16.0
Spellcasting   | 5 6 7 8 9 10 11 13 14 | 14.6
Hexes          | 5 6 7 9 11 12 13 14 | 14.8
Fighting       | 1 4 5 6 8 |  8.4
Dodging        | 4 7 9 11 12 13 | 13.3
Short Blades   | 2 6 7 9 10 | 10.7
Evocations     | 8 12 13 | 13.2

Action                   |  1- 3 |  4- 6 |  7- 9 | 10-12 || total
-------------------------+-------+-------+-------+-------++-------
Melee: Dagger            |    10 |     8 |    28 |    27 ||    73
       Punch             |     1 |       |       |       ||     1
 Cast: Ensorcelled Hiber |       |       |     5 |     9 ||    14
       Confusing Touch   |       |       |     2 |     2 ||     4
       Dazzling Flash    |       |       |       |     1 ||     1
 Abil: Evoke Invisibilit |       |       |     1 |     2 ||     3
  Use: Potion            |     2 |       |       |     3 ||     5
 Stab: Invisible         |     2 |     2 |     1 |     2 ||     7
       Sleeping          |     1 |     4 |    11 |    11 ||    27
       Confused          |       |       |     1 |       ||     1
Armor: Robe              |     1 |       |     1 |       ||     2
Dodge: Dodged            |     8 |     3 |    15 |    36 ||    62
